 Dungeon Crawl Stone Soup version 0.17-a0-1910-g4c791fa (webtiles) character file.

560 kae the Archer (level 7, -3/45 HPs)
             Began as a High Elf Hunter on Sept 25, 2015.
             Was an Initiate of Okawaru.
             Slain by an ice beast (9 damage)
             ... on level 6 of the Dungeon.
             The game lasted 00:07:28 (4857 turns).

kae the Archer (High Elf Hunter)                    Turns: 4857, Time: 00:07:29

Health: -3/45      AC:  6    Str: 11    XL:     7   Next: 9%
Magic:  8/8        EV: 12    Int: 15    God:    Okawaru [......]
Gold:   233        SH:  0    Dex: 18    Spells: 0 memorised, 6 levels left

rFire  . . .     SeeInvis .     a - +1 shortbow
rCold  . . .     Clarity  +     d - +0 leather armour
rNeg   . . .     SustAt   .     (no shield)
rPois  .         Gourm    .     (no helmet)
rElec  .         Spirit   .     (no cloak)
rCorr  .         Warding  .     (no gloves)
rMut   .         Stasis   .     m - +2 pair of boots {Fly}
MR     .....                    e - amulet of clarity
Stlth  ++........               (no ring)
                                (no ring)

@: flying, not resistant to hostile enchantments, unstealthy
A: no striking features
a: Renounce Religion, Stop Flying


You were on level 6 of the Dungeon.
You worshipped Okawaru.
Okawaru was noncommittal.
You were very hungry.

You visited 1 branch of the dungeon, and saw 5 of its levels.
You also visited: Sewer.

You collected 233 gold pieces.

Inventory:

Hand weapons
 a - a +1 shortbow (weapon)
 b - a +0 short sword
Missiles
 c - 18 arrows (quivered)
 k - 16 poisoned arrows
Armour
 d - a +0 leather armour (worn)
 m - a +2 pair of boots of flying (worn)
 A - a +2 chain mail of fire resistance
Jewellery
 e - an amulet of clarity (around neck)
Scrolls
 h - 4 scrolls of identify {unknown}
 i - a scroll of amnesia {unknown}
 j - 5 scrolls of teleportation
 n - 3 scrolls of magic mapping {unknown}
 o - a scroll of blinking {unknown}
 p - a scroll of enchant armour {unknown}
 r - 2 scrolls of fog {unknown}
 x - a scroll of enchant weapon {unknown}
Potions
 g - a potion of cure mutation
 q - 2 potions of flight
 s - a potion of might
 v - a potion of berserk rage
Books
 y - a book of Enchantments

   Spells                             Type                      Level
   a - Cause Fear                     Hexes                        4
   b - Silence                        Hexes/Air                    5
   c - Deflect Missiles               Charms/Air                   6
   d - Haste                          Charms                       6
   e - Discord                        Hexes                        8
Comestibles
 l - a royal jelly
 z - 4 bread rations


   Skills:
 - Level 2.0 Fighting
 + Level 11.1 Bows
 - Level 2.1 Dodging
 - Level 1.1 Stealth


You had 6 spell levels left.
You didn't know any spells.

Dungeon Overview and Level Annotations

Branches:
Dungeon (6/15)
 Temple: D:4-7

Altars:
Dithmenos
Fedhas
Gozag
Okawaru
Qazlal

Shops:
D:4 [


Message History

Firing (i - inventory. (,) - cycle):
c - 21 arrows (quivered)
Press: ? - help, Shift-Dir - straight line, f/p - ice beast
Aim: an ice beast (severely wounded)
You shoot an arrow. The arrow hits the ice beast.
The ice beast is severely wounded.
Firing (i - inventory. (,) - cycle):
c - 20 arrows (quivered)
Press: ? - help, Shift-Dir - straight line, f/p - ice beast
Aim: an ice beast (severely wounded)
You shoot an arrow.
The arrow hits the ice beast but does no damage.
The ice beast is severely wounded.
The ice beast barely misses you.
Firing (i - inventory. (,) - cycle):
c - 19 arrows (quivered)
Press: ? - help, Shift-Dir - straight line, f/p - ice beast
Aim: an ice beast (severely wounded)
You shoot an arrow. The arrow barely misses the ice beast.
The ice beast hits you.
* * * LOW HITPOINT WARNING * * *
The ice beast freezes you!
You die...

# ########.
#
###(((.....
#
###.......#
# #....Y#
### #....@#
... #.....#
... #.....#
a.. #.....#
.# ###....
# ##### # #
# ..


You could see an ice beast.

Vanquished Creatures
  Edmund (D:6)
  An ogre (D:4)
  A scorpion (D:4)
  A centaur skeleton (D:4)
  An orc priest (D:3)
  An iguana (D:3)
  2 worker ants
  4 adders
  5 oozes
  8 worms
  4 giant geckos
  5 orcs
  13 bats
  9 giant cockroaches
  3 hobgoblins
  12 jackals
  6 kobolds
  A quokka (D:2)
  3 ball pythons
  2 giant newts
  4 goblins
  9 rats
96 creatures vanquished.

Notes
Turn   | Place    | Note
--------------------------------------------------------------
     0 | D:1      | kae the High Elf Hunter began the quest for the Orb.
     0 | D:1      | Reached XP level 1. HP: 14/14 MP: 2/2
   191 | D:1      | Reached XP level 2. HP: 10/19 MP: 3/3
   295 | D:1      | Reached skill level 6 in Bows
  1037 | D:2      | Reached XP level 3. HP: 21/24 MP: 4/4
  1336 | D:2      | Reached skill level 7 in Bows
  1628 | D:3      | Found a glowing drain.
  1649 | Sewer    | Entered a sewer
  1852 | Sewer    | Reached XP level 4. HP: 24/29 MP: 5/5
  2766 | Sewer    | Reached skill level 8 in Bows
  3083 | Sewer    | Reached XP level 5. HP: 28/34 MP: 6/6
  3122 | D:3      | Found an opulent altar of Gozag.
  3152 | D:3      | Found an iron altar of Okawaru.
  3156 | D:3      | Found a blossoming altar of Fedhas.
  3391 | D:4      | Reached skill level 9 in Bows
  3829 | D:4      | Noticed an ogre
  3839 | D:4      | Killed an ogre
  3839 | D:4      | Reached XP level 6. HP: 11/39 MP: 7/7
  4165 | D:4      | Found Neehile's Antique Armour Shoppe.
  4231 | D:3      | Found a stormy altar of Qazlal.
  4231 | D:3      | Found a shadowy altar of Dithmenos.
  4237 | D:3      | Became a worshipper of Warmaster Okawaru
  4275 | D:4      | Reached skill level 10 in Bows
  4605 | D:3      | You are sucked into a shaft for 3 floors!
  4605 | D:6      | Noticed Edmund
  4694 | D:6      | Killed Edmund
  4694 | D:6      | Reached skill level 11 in Bows
  4694 | D:6      | Reached XP level 7. HP: 16/45 MP: 8/8
  4710 | D:6      | HP: 2/45 [ice beast (7)]
  4857 | D:6      | Slain by an ice beast

Vault maps used:
D:1:      moated_graveyard_arrival
D:3:      nicolae_overflow_hidden_temple, lemuel_doored_altar, first_bread,
          portal_sewer_entry_b, nicolae_gozag_seed_capital,
          uniq_crazy_yiuf_cottage
D:4:      minmay_temple_entry_hall, serial_shops, shop
D:6:      uniq_grinder, uniq_edmund, uniq_pikel, uniq_blork_the_orc
Sewer:    sewer_fruit_machine

Action                   |  1- 3 |  4- 6 |  7- 9 || total
-------------------------+-------+-------+-------++-------
Melee: Short sword       |   164 |   160 |       ||   324
       Shortbow          |       |       |     1 ||     1
 Fire: Shortbow          |    18 |   118 |     8 ||   144
  Use: Potion            |       |     2 |     6 ||     8
       Scroll            |       |     1 |     1 ||     2
 Stab: Sleeping          |     3 |     1 |       ||     4
  Eat: Chunk             |     3 |     9 |       ||    12
